 Seeded DCSS version 0.27-a0-1177-g245c70e1c0 (webtiles) character file.

Game seed: 6292016 (custom seed)

105 Snicker the Sneak (level 4, 0/33 HPs)
             Began as a Demonspawn Brigand on May 15, 2021.
             Slain by an adder (4 damage)
             ... on level 3 of the Dungeon on May 17, 2021.
             The game lasted 00:11:21 (3015 turns).

Snicker the Sneak (Demonspawn Brigand)              Turns: 3015, Time: 00:11:21

Health: 0/33       AC:  4    Str: 11    XL:     4   Next: 53%
Magic:  4/4        EV: 11    Int: 12    God:
Gold:   139        SH:  0    Dex: 16    Spells: 3/3 levels left

rFire    . . .     SeeInvis .   a - +0 dagger (venom)
rCold    . . .     Faith    .   (no shield)
rNeg     . . .     Spirit   .   l - +0 leather armour
rPois    .         Reflect  .   (no helmet)
rElec    .         Harm     .   c - +0 cloak
rCorr    .         Rampage  .   (no gloves)
Will     .....                  (no boots)
Stlth    +.........             (no amulet)
HPRegen  0.11/turn              (no ring)
MPRegen  0.09/turn              (no ring)

@: confused
A: claws 2
a: no special abilities


You were on level 3 of the Dungeon.
You visited 1 branch of the dungeon, and saw 3 of its levels.

You collected 139 gold pieces.

Inventory:

Hand Weapons
 a - a +0 dagger of venom (weapon)
 r - a +2 dagger
Missiles
 d - 7 poisoned darts (quivered)
 e - a curare-tipped dart
Armour
 b - a +0 robe
 c - a +0 cloak (worn)
 l - a +0 leather armour (worn)
Scrolls
 g - a scroll of immolation {unknown}
 i - 3 scrolls of holy word {unknown}
 j - a scroll of vulnerability {unknown}
 k - a scroll of enchant armour {unknown}
 m - 3 scrolls of teleportation {unknown}
 n - a scroll of fog {unknown}
 o - a scroll of identify {unknown}
Potions
 f - a potion of lignification {unknown}
 h - a potion of heal wounds
 p - a potion of haste {unknown}
 q - a potion of might {unknown}


   Skills:
 + Level 2.2 Fighting
 * Level 2.6 Short Blades
 + Level 1.9 Throwing
 + Level 1.2 Armour
 + Level 1.1 Dodging
 * Level 4.6 Stealth


You had 3 spell levels left.
You didn't know any spells.
Your spell library contained the following spells:

 Spells                   Type           Power      Damage    Failure   Level
 Corona                   Hex            0%         N/A       41%         1
 Ensorcelled Hibernation  Hex/Ice        0%         N/A       54%         2
 Confusing Touch          Hex            0%         N/A       78%         3
 Dazzling Flash           Conj/Hex       0%         N/A       78%         3
 Gell's Gravitas          Tloc           0%         N/A       78%         3
 Tukima's Dance           Hex            0%         N/A       78%         3
 Petrify                  Tmut/Erth      0%         N/A       99%         4
 Metabolic Englaciation   Hex/Ice        0%         N/A       100%        5
 Yara's Violent Unravell  Hex/Tmut       0%         3d3       100%        5


Dungeon Overview and Level Annotations

Branches:
Dungeon (3/15)

Altars:
Xom


Innate Abilities, Weirdness & Mutations

You have very sharp fingernails.


Message History

Your leather armour prevents you from hitting the orc.
The orc is lightly wounded.
You kill the orc!
You hit the orc.
The orc is poisoned.
The orc is lightly wounded.
The orc hits you with a +0 whip.
You barely miss the orc.
The orc is moderately wounded.
The orc barely misses you.
You hit the orc but do no damage.
The orc is moderately wounded.
You barely miss the orc.
An orc comes into view. It is wielding a +0 short sword.
An orc wizard comes into view. It is wielding a +0 dagger.
The orc closely misses you.
You kill the orc!
You miss something.
You hear some strange, mumbled words.
Something tries to affect you, but you resist.
You hit something. You hit the orc.
The orc is poisoned.
The orc is severely wounded.
You hear some strange, mumbled words.
You are confused.
You bump into the rock wall.
The adder barely misses you. Something hits you but does no damage.
The orc hits you with a +1 whip of electrocution.
You are electrocuted!
You bump into the rock wall.
The adder misses you.
You hear some strange, mumbled words.
A puff of flame appears from out of thin air!
The puff of flame hits you.
* * * LOW HITPOINT WARNING * * *
The orc hits you with a +1 whip of electrocution.
* * * LOW HITPOINT WARNING * * *
Something hits you.
* * * LOW HITPOINT WARNING * * *
You kill the orc!
The adder bites you.
You die...

........)..# #.# ###
##....####.#### #)# ....
.........#.##.# ##.##.....
.............#.##).o....o.
.........#..###....##....o
##...#####.).#.##o## ....
#..........#.##.o.# ###
##...######.....S#)#
.......# ###.##@..#####
.##.##.# ####.#...........
.##.##.# #......###..####.
....##.###.##.#.###..#
.#####.##.............>
.#####.##..###..###..###
.......##..###........
.........(......#######
.#####.##.##.#.##


You could see an orc wizard (wandering), an adder and 2 orcs.

Vanquished Creatures
  2 orc wizards (D:3)
  3 worms
  2 dart slugs (D:1)
  6 orcs (D:3)
  2 bats
  4 endoplasms
  A giant cockroach (D:2)
  4 goblins
  7 hobgoblins
  2 kobolds (D:1)
  A quokka (D:2)
  8 ball pythons
  A frilled lizard (D:3)
  3 rats
46 creatures vanquished.

Notes
Turn   | Place    | Note
-------+----------+-------------------------------------------
     0 | D:1      | Snicker the Demonspawn Brigand began the quest for the Orb.
     0 | D:1      | Reached XP level 1. HP: 16/16 MP: 1/1
   335 | D:1      | Upgraded the game from 0.27-a0-1158-gaa87e14f67 to
                  | 0.27-a0-1177-g245c70e1c0
   346 | D:1      | Reached skill level 4 in Stealth
   346 | D:1      | Gained mutation: You have sharp fingernails. [demonic
                  | ancestry]
   346 | D:1      | Reached XP level 2. HP: 22/22 MP: 2/2
   416 | D:1      | Reached skill level 1 in Dodging
   940 | D:1      | Found a faded altar of an unknown god.
  1162 | D:2      | Reached XP level 3. HP: 23/27 MP: 3/3
  2395 | D:3      | Found Bohats's Magic Scroll Boutique.
  2397 | D:3      | Found a shimmering altar of Xom.
  2591 | D:3      | Gained mutation: You have very sharp fingernails. [demonic
                  | ancestry]
  2591 | D:3      | Reached XP level 4. HP: 17/33 MP: 4/4
  2606 | D:3      | Reached skill level 1 in Armour
  3015 | D:3      | Slain by an adder

Illustrated notes

Levels and vault maps discovered:
D:1:      heliophobic_arrival_glass_houses, layout_rooms,
          ebering_ecumenical_altar_box, minmay_tetromino_t2
D:2:      layout_basic
D:3:      layout_loops_cross, grunt_qazlal_clouds, old_standard_altar,
          serial_shops, shop

Skill      XL: |  1  2  3  4 |
---------------+-------------+-----
Stealth        | 4 |  4.6
Dodging        | 1 |  1.1
Short Blades   | 2 |  2.6
Armour         | 1 |  1.2
Fighting       | |  2.2
Throwing       | |  1.9

Action                   |  1- 3 |  4- 6 || total
-------------------------+-------+-------++-------
Melee: Dagger            |   122 |    32 ||   154
Throw: Dart              |     8 |     6 ||    14
  Use: Potion            |       |     1 ||     1
 Stab: Sleeping          |     4 |       ||     4
       Distracted        |     1 |       ||     1
Armor: Robe              |    11 |       ||    11
       Leather armour    |    24 |     9 ||    33
Dodge: Dodged            |    71 |     6 ||    77

Table legend: (Time is in decaauts)
 A = Elapsed time spent in this place.
 B = Non-inter-level travel time spent in this place.
 C = Inter-level travel time spent in this place.
 D = Time resting spent in this place.
 E = Time spent auto-exploring this place.
 F = Levels seen in this place.
 G = Mean time per level.
                   A        B        C        D        E       F      G
               +--------+--------+--------+--------+--------+-----+--------+
         Total |   2996 |   2940 |     56 |    895 |   1538 |   3 |  998.7 |
       Dungeon |   2996 |   2940 |     56 |    895 |   1538 |   3 |  998.7 |
               +--------+--------+--------+--------+--------+-----+--------+

Top non-repeatable levels by time:
     D:1: 1024 daAuts
     D:3: 1022 daAuts
     D:2: 950 daAuts
